Map: 2000 Atmospheres LE

Players

ShoWTimE

  • Race: Protoss Protoss

Maru - Winner!

  • Race: Terran Terran

Event: DreamHack SC2 Masters 2021 Winter

VOD

Have the link to the VOD?

Description

Time

  • Played on: Nov. 12, 2021, 12:53 p.m.
  • Length: 32:48

All games in this series

Show
View Real Time Build Order
Export as new Build Order

ShoWTimE Protoss 

Build Orders: 1 Gate Expand, Oracle Opening, Phoenix Opening 

Get SALT Encoding   

  12  0:00  Probe  
  13  0:12  Probe  
  14  0:17  Pylon  
  14  0:24  Probe  
  15  0:35  Gateway  
  15  0:36  Probe (Chrono Boost)  
  16  0:46  Assimilator, Probe (Chrono Boost)  
  17  0:51  Probe (Chrono Boost)  
  18  1:03  Probe  
  19  1:15  Probe  
  20  1:23  Cybernetics Core  
  20  1:33  Nexus  
  20  1:38  Pylon  
  20  1:42  Probe  
  21  1:48  Assimilator  
  21  1:54  Probe  
  22  1:56  Stalker (Chrono Boost)  
  24  2:06  Probe  
  24  2:17  Adept (Chrono Boost)  
  24  2:18  Probe  
  27  2:30  Probe  
  28  2:37  Stargate  
  28  2:42  Probe  
  28  2:43  Stalker (Chrono Boost)  
  29  2:44  Shield Battery  
  29  2:48  Probe  
  32  2:55  Probe  
  33  3:00  Probe  
  34  3:08  Probe (Chrono Boost)  
  34  3:12  Probe (Chrono Boost)  
  36  3:13  Warp Gate  
  37  3:22  Phoenix  
  37  3:24  Probe x2 (Chrono Boost)  
  40  3:28  Probe (Chrono Boost)  
  40  3:31  Probe  
  42  3:37  Pylon  
  42  3:39  Probe  
  43  3:43  Probe  
  46  3:51  Probe  
  46  3:53  Oracle (Chrono Boost)  
  46  3:55  Gateway, Probe  
  49  4:03  Probe  
  49  4:06  Pylon  
  49  4:07  Probe  
  51  4:15  Probe  
  51  4:17  Gateway  
  52  4:20  Pylon  
  52  4:22  Oracle (Chrono Boost)  
  52  4:23  Probe  
  53  4:27  Probe  
  57  4:32  Nexus  
  57  4:35  Adept  
  57  4:38  Shield Battery  
  59  4:41  Probe x2  
  61  4:50  Assimilator, Pylon  
  61  4:52  Assimilator  
  61  4:53  Probe x2  
  63  5:02  Adept  
  63  5:05  Probe x2  
  67  5:15  Twilight Council  
  67  5:17  Sentry, Forge  
  67  5:18  Stalker, Probe x2  
  73  5:27  Pylon  
  73  5:30  Probe x2  
  73  5:35  Gateway  
  75  5:36  Shield Battery  
  75  5:41  Stalker  
  75  5:42  Probe x2  
  77  5:48  Stalker x2  
  82  5:50  Probe  
  82  5:54  Probe x2, Shield Battery  
  84  6:04  Probe  
  84  6:08  Phoenix  
  87  6:16  Protoss Ground Armor Level 1 (Chrono Boost), Stalker x3  
  92  6:24  Charge (Chrono Boost)  
  77  6:30  Shield Battery  
  75  6:33  Phoenix (Chrono Boost)  
  75  6:38  Probe  
  75  6:39  Probe  
  77  6:42  Stalker, Zealot x2  
  77  6:44  Probe  
  84  6:50  Probe  
  84  6:52  Gateway  
  84  6:53  Gateway, Probe  
  86  7:00  Gateway  
  86  7:01  Gateway  
  86  7:02  Probe  
  86  7:04  Probe  
  88  7:11  Zealot x2, Sentry  
  88  7:12  Zealot  
  96  7:18  Pylon  
  96  7:19  Probe, Pylon  
  97  7:23  Robotics Facility  
  97  7:24  Probe  
  97  7:26  Probe  
  99  7:34  Probe, Templar Archives  
  99  7:36  Probe  
  101  7:37  Sentry  
  101  7:38  Zealot x2  
  101  7:42  Pylon  
  107  7:45  Zealot  
  107  7:47  Phoenix  
  111  7:52  Zealot x2  
  111  7:54  Pylon  
  115  8:00  Pylon  
  115  8:05  Protoss Ground Weapons Level 1 (Chrono Boost)  
  115  8:06  Zealot x2  
  115  8:10  Pylon  
  115  8:11  Observer (Chrono Boost)  
  115  8:12  Phoenix  
  122  8:18  Assimilator  
  122  8:23  Assimilator  
  122  8:28  High Templar x2  
  122  8:29  Zealot x6  
  122  8:32  Photon Cannon  
  135  8:34  Archon  
  135  8:37  Phoenix  
  137  8:42  Probe  
  137  8:44  Probe x2  
  137  8:45  Pylon  
  140  8:54  Robotics Bay  
  140  8:56  Robotics Facility  
  140  8:58  Zealot x4  
  148  9:04  Zealot x2  
  148  9:05  Zealot  
  142  9:15  Probe  
  133  9:18  Zealot x3  
  133  9:21  Zealot  
  141  9:31  Zealot x3  
  149  9:38  Blink  
  149  9:43  Colossus (Chrono Boost)  
  155  9:49  Pylon  
  155  9:51  Colossus (Chrono Boost)  
  156  9:55  Extended Thermal Lance  
  156  10:00  Pylon  
  156  10:09  High Templar x2  
  156  10:11  Probe  
  156  10:14  Archon  
  159  10:20  Nexus  
  159  10:21  Pylon  
  159  10:22  Pylon  
  159  10:23  Colossus (Chrono Boost)  
  159  10:25  Pylon  
  159  10:26  Protoss Ground Weapons Level 2 (Chrono Boost)  
  159  10:27  Observer (Chrono Boost)  
  166  10:31  Forge  
  166  10:41  Zealot x5  
  174  10:45  Zealot x2  
  131  11:04  Disruptor (Chrono Boost)  
  131  11:06  Stalker x3  
  131  11:08  Disruptor (Chrono Boost)  
  131  11:10  Probe x2  
  131  11:11  Probe  
  146  11:18  Zealot x4, Protoss Ground Armor Level 2 (Chrono Boost)  
  148  11:23  Gateway  
  154  11:26  Probe  
  154  11:28  Probe x2  
  157  11:35  Shield Battery  
  157  11:37  Photon Cannon, Disruptor (Chrono Boost)  
  157  11:45  Dark Shrine  
  160  11:52  Stalker x2  
  160  11:53  Zealot  
  169  11:57  Disruptor (Chrono Boost)  
  169  11:58  Photon Cannon  
  169  12:04  Zealot x3  
  169  12:06  Observer (Chrono Boost)  
  175  12:09  Assimilator  
  175  12:13  Assimilator  
  175  12:19  Photon Cannon, Disruptor (Chrono Boost), Shield Battery  
  175  12:22  Probe x4  
  182  12:25  Disruptor  
  185  12:34  Stalker x3, Probe x2  
  185  12:35  Stalker  
  195  12:39  Protoss Air Weapons Level 1 (Chrono Boost)  
  193  12:46  Protoss Ground Weapons Level 3 (Chrono Boost)  
  193  12:53  Fleet Beacon  
  193  12:56  Stargate  
  193  13:01  Pylon  
  193  13:03  Shadow Stride (Chrono Boost)  
  193  13:09  Pylon  
  193  13:10  Pylon  
  193  13:21  Disruptor  
  196  13:28  Disruptor  
  181  14:05  Disruptor  
  170  14:12  Carrier (Chrono Boost)  
  170  14:13  Carrier (Chrono Boost), Zealot x8  
  198  14:19  Observer  
  198  14:22  Nexus  
  199  14:24  Photon Cannon  
  199  14:27  Shield Battery  
  197  14:33  Protoss Ground Armor Level 3 (Chrono Boost)  
  197  14:40  Warp Prism  
  197  14:42  Shield Battery  
  199  14:45  Pylon  
  196  15:03  Assimilator  
  196  15:04  Probe x2  
  196  15:06  Assimilator  
  198  15:07  Photon Cannon  
  198  15:08  Photon Cannon  
  198  15:09  Photon Cannon  
  198  15:10  Protoss Air Weapons Level 2 (Chrono Boost)  
  189  15:28  Carrier x2 (Chrono Boost)  
  163  15:36  Zealot x8  
  175  15:50  Probe  
  175  15:56  Dark Templar x2  
  175  15:57  Dark Templar x6  
  182  16:01  Protoss Shields Level 1 (Chrono Boost)  
  192  16:06  Nexus  
  192  16:08  Pylon  
  183  16:37  Stalker x8  
  193  16:44  Pylon  
  193  16:52  Gateway  
  193  16:55  Gateway  
  193  16:57  Gateway  
  193  17:01  Pylon  
  192  17:06  Gateway x2  
  192  17:08  Photon Cannon, Disruptor (Chrono Boost)  
  190  17:10  Photon Cannon  
  190  17:12  Shield Battery  
  196  17:18  Disruptor (Chrono Boost)  
  196  17:20  Dark Templar x2  
  195  17:37  Dark Templar  
  195  17:38  Dark Templar  
  195  17:40  Dark Templar x2  
  199  17:59  Protoss Air Weapons Level 3 (Chrono Boost)  
  163  18:08  Disruptor x2  
  163  18:10  Stalker x6  
  163  18:11  Stalker x3  
  164  18:18  Stalker x2  
  168  18:30  Stalker x2  
  170  18:38  Zealot x2, Probe  
  170  18:39  Zealot x4  
  183  18:46  Observer  
  183  18:47  Nexus  
  183  18:48  Stalker x5  
  192  18:50  Probe, Pylon  
  170  18:59  Probe x3  
  170  19:01  Stalker x2  
  170  19:02  Stalker x6  
  185  19:12  Photon Cannon  
  185  19:15  Photon Cannon  
  185  19:19  Photon Cannon  
  185  19:23  Dark Templar  
  185  19:24  Dark Templar x2  
  191  19:29  Probe x3  
  193  19:32  Disruptor  
  196  19:40  Dark Templar x3  
  200  19:50  Protoss Shields Level 2 (Chrono Boost), Dark Templar x3  
  187  20:19  Probe x3  
  187  20:20  Probe  
  191  20:23  Photon Cannon, Shield Battery  
  191  20:25  Pylon  
  181  20:44  Dark Templar x9  
  199  20:53  Assimilator  
  199  20:55  Assimilator  
  199  21:00  Photon Cannon  
  199  21:07  Zealot x2  
  199  21:08  Zealot x2  
  185  21:19  Stalker x7  
  187  21:45  Dark Templar x6  
  199  21:51  Nexus  
  188  22:02  Stalker x6  
  198  22:08  Assimilator  
  198  22:13  Assimilator  
  196  22:21  Disruptor  
  194  22:40  Stalker x3  
  200  22:48  Stalker x3  
  200  22:56  Stalker x4  
  192  23:10  Zealot x6  
  193  23:22  Stalker x6  
  193  23:25  Disruptor x2  
  185  23:35  Zealot x7  
  195  23:46  Protoss Shields Level 3 (Chrono Boost)  
  193  23:58  Stalker x3  
  193  24:01  Observer  
  199  24:10  Assimilator, Pylon  
  199  24:11  Assimilator  
  199  24:21  Nexus  
  197  24:31  Disruptor x2  
  185  24:34  Dark Templar x4  
  170  24:57  Stalker x9  
  188  25:05  Pylon  
  188  25:07  Disruptor x2  
  170  25:25  Zealot x8  
  170  25:26  Zealot x5  
  189  25:31  Photon Cannon  
  189  25:32  Shield Battery  
  189  25:41  Disruptor (Chrono Boost)  
  189  25:46  Unknown  
  195  25:50  Disruptor (Chrono Boost)  
  194  26:08  Disruptor  
  187  26:19  Observer  
  186  26:26  Dark Templar x2  
  186  26:28  Nexus  
  186  26:32  Nexus  
  190  26:36  Nexus  
  190  26:37  Pylon  
  190  26:39  Zealot x2  
  194  26:40  Disruptor  
  193  27:09  Nexus  
  193  27:14  Tempest (Chrono Boost)  
  198  27:23  Tempest (Chrono Boost)  
  194  28:13  Tempest (Chrono Boost)  
  197  28:21  Dark Templar  
  184  28:29  Tempest (Chrono Boost)  
  169  28:35  Stalker x4  
  163  28:43  Tempest (Chrono Boost)  
  136  28:57  Stalker x4  
  136  29:01  Tempest  
  135  29:21  Zealot x3  
  135  29:22  Dark Templar  
  141  29:37  Disruptor (Chrono Boost)  
  135  29:44  Dark Templar  
  122  30:07  Disruptor (Chrono Boost)  
  122  30:20  Disruptor (Chrono Boost)  
  122  30:21  Pylon  
  116  30:56  Disruptor (Chrono Boost)  
  119  30:57  Disruptor (Chrono Boost)  
  119  31:01  Zealot x3  
  119  31:02  Zealot x3  
  131  31:08  Observer  
  121  31:16  Stalker  
  117  31:40  Disruptor  
  99  32:04  Disruptor  
  100  32:26  Zealot  
Show
View Real Time Build Order
Export as new Build Order

Maru Terran - Winner!

Build Orders:  

Get SALT Encoding   

  12  0:00  SCV  
  13  0:12  SCV  
  14  0:17  Supply Depot  
  14  0:24  SCV  
  15  0:38  SCV  
  15  0:39  Barracks  
  16  0:44  Refinery  
  16  0:50  SCV  
  16  0:54  Refinery  
  17  1:02  SCV  
  18  1:14  SCV  
  19  1:26  Reaper  
  19  1:27  Orbital Command  
  20  1:38  Supply Depot  
  20  1:42  Factory  
  20  1:52  SCV  
  21  1:57  Bunker  
  21  2:05  SCV  
  22  2:17  SCV  
  23  2:29  SCV  
  24  2:32  Widow Mine  
  24  2:35  Barracks Reactor  
  26  2:37  Starport  
  26  2:38  Supply Depot  
  26  2:41  SCV  
  27  2:53  Widow Mine, SCV  
  30  3:01  Command Center  
  30  3:14  Widow Mine, Marine x2  
  30  3:16  Medivac  
  30  3:19  SCV  
  37  3:23  Supply Depot  
  37  3:31  SCV  
  38  3:34  Marine x2  
  38  3:37  Factory Tech Lab  
  39  3:44  Bunker  
  39  3:46  SCV  
  40  3:52  Marine x2  
  44  3:56  Cyclone  
  44  3:58  SCV  
  46  4:10  Marine  
  46  4:13  Viking, Marine  
  46  4:17  Orbital Command  
  50  4:19  SCV  
  51  4:24  Supply Depot  
  51  4:27  Marine  
  51  4:31  SCV, Cyclone, Marine  
  57  4:40  Barracks  
  57  4:43  SCV  
  57  4:44  Liberator  
  61  4:51  Supply Depot  
  61  4:52  Marine x2  
  61  4:54  SCV  
  64  5:03  SCV, Siege Tank  
  64  5:06  Refinery  
  68  5:07  SCV  
  68  5:10  Barracks  
  69  5:15  Engineering Bay  
  69  5:18  Marine x2  
  69  5:19  SCV  
  72  5:25  Supply Depot, SCV  
  72  5:28  Barracks Tech Lab  
  73  5:30  Starport Tech Lab  
  73  5:33  SCV  
  74  5:38  Marine x2  
  74  5:41  SCV  
  74  5:45  SCV  
  74  5:46  Factory Reactor  
  73  5:50  Viking  
  73  5:53  SCV  
  73  5:57  SCV  
  70  6:06  SCV  
  70  6:07  Marine  
  70  6:08  Marine  
  70  6:09  SCV  
  71  6:18  SCV  
  71  6:19  Marine x2  
  71  6:21  SCV, Terran Infantry Weapons Level 1  
  70  6:25  Marine  
  70  6:30  SCV  
  72  6:33  SCV  
  72  6:34  Raven  
  72  6:38  Marine x3  
  78  6:42  SCV  
  78  6:43  Marine  
  78  6:45  SCV  
  80  6:52  Supply Depot  
  78  6:54  SCV, Stimpack  
  78  6:55  Marine  
  78  6:56  Marine x2  
  78  6:59  Command Center  
  78  7:00  SCV  
  78  7:01  Marine  
  83  7:06  SCV  
  85  7:10  Factory Reactor  
  85  7:12  SCV  
  85  7:14  Marine  
  85  7:15  Supply Depot  
  87  7:16  Refinery  
  87  7:18  SCV  
  87  7:19  Combat Shield  
  87  7:20  Marine x3  
  91  7:24  SCV  
  92  7:30  SCV  
  92  7:32  Marine  
  92  7:35  Barracks  
  92  7:36  Barracks  
  94  7:37  Supply Depot  
  94  7:40  Medivac x2  
  98  7:45  Marauder  
  98  7:46  Marauder  
  102  7:58  Widow Mine x2, Marine x2  
  108  8:01  SCV  
  108  8:02  SCV  
  110  8:09  Marauder x2  
  114  8:14  SCV  
  114  8:15  Missile Turret, Terran Infantry Armor Level 1, Marine x2  
  114  8:19  Supply Depot  
  117  8:24  Barracks Reactor  
  117  8:25  Marauder, Concussive Shells  
  119  8:27  Missile Turret  
  119  8:30  Marauder, Marine  
  119  8:32  SCV  
  119  8:33  Marine x2  
  125  8:35  Orbital Command  
  123  8:44  Supply Depot  
  123  8:48  Marine  
  123  8:49  Marauder  
  130  8:55  Widow Mine  
  130  8:56  Widow Mine  
  130  9:01  Medivac  
  132  9:03  Ghost Academy  
  132  9:05  SCV  
  132  9:08  SCV  
  132  9:09  SCV  
  120  9:17  Widow Mine x2  
  120  9:18  SCV, Marine x2  
  120  9:19  Marauder x3  
  120  9:20  SCV  
  120  9:21  SCV  
  130  9:30  SCV  
  121  9:39  Ghost x3  
  121  9:40  Widow Mine x2, SCV  
  121  9:41  SCV  
  121  9:42  SCV  
  121  9:43  Supply Depot, Enhanced Shockwaves  
  133  9:46  Marine x4  
  137  9:53  Refinery  
  137  9:54  Supply Depot, Medivac, Refinery  
  139  10:02  Medivac  
  139  10:03  SCV x2  
  139  10:04  Marine x4  
  147  10:08  Marine  
  148  10:15  Command Center  
  148  10:22  Ghost x2  
  148  10:23  Marine  
  148  10:24  Marine x3  
  156  10:31  Engineering Bay, Armory  
  156  10:34  SCV x2  
  156  10:35  SCV  
  159  10:38  Supply Depot  
  159  10:56  Marine  
  159  10:57  Marauder x2, Marine  
  137  11:02  Viking x2  
  132  11:06  Widow Mine x2  
  136  11:13  SCV x2  
  136  11:14  SCV  
  139  11:19  Ghost x3  
  139  11:23  Terran Infantry Weapons Level 2  
  145  11:25  SCV  
  145  11:26  SCV x2  
  145  11:28  Widow Mine x2  
  145  11:32  Terran Infantry Armor Level 2  
  152  11:38  SCV  
  153  11:41  Marine x4  
  153  11:46  Barracks x2  
  157  11:48  Barracks  
  157  11:49  Widow Mine  
  159  11:56  SCV x3  
  159  12:00  Sensor Tower  
  162  12:05  Viking x2  
  166  12:10  Planetary Fortress  
  166  12:12  Supply Depot  
  166  12:25  Marauder x2, Marine x3  
  166  12:26  Marauder, Marine  
  176  12:35  Medivac x2  
  180  12:38  Barracks Tech Lab x2, Barracks Reactor  
  180  12:39  Command Center  
  180  12:41  Refinery  
  180  12:44  Refinery  
  180  12:52  Terran Ship Weapons Level 1  
  180  12:54  Starport, Fusion Core  
  180  13:07  Ghost  
  180  13:08  Marauder x3, Marine x2, Ghost  
  191  13:14  Sensor Tower  
  188  13:25  Marine  
  188  13:26  Marine x2  
  191  13:29  Marauder x2  
  191  13:30  Marauder  
  193  13:44  Advanced Ballistics, Starport Reactor  
  193  13:47  Terran Infantry Weapons Level 3  
  193  13:51  Sensor Tower  
  193  13:54  SCV x2  
  193  13:55  SCV x2  
  194  14:06  SCV x2  
  177  14:13  Liberator x2  
  183  14:18  Marauder x3, Marine x4  
  183  14:19  Marauder, Command Center  
  195  14:27  Terran Infantry Armor Level 3  
  195  14:38  Liberator  
  198  14:43  Missile Turret  
  198  14:44  Missile Turret  
  198  14:45  Command Center  
  198  15:00  Planetary Fortress  
  198  15:04  Command Center  
  198  15:05  Terran Ship Weapons Level 2  
  198  15:13  Starport  
  181  15:30  Marauder, Marine x2  
  181  15:31  Marauder  
  181  15:34  Marine  
  181  15:35  Marauder x3, Marine x2  
  177  15:36  Viking x4  
  181  15:45  Orbital Command  
  180  15:51  Ghost  
  180  15:52  Marauder, Starport Reactor  
  180  15:56  Ghost  
  186  15:59  Orbital Command  
  186  16:03  Sensor Tower  
  186  16:06  Liberator, Viking x2  
  186  16:08  Command Center  
  186  16:10  Missile Turret  
  186  16:11  Missile Turret  
  193  16:15  Liberator  
  194  16:20  Missile Turret  
  182  16:36  Liberator, Planetary Fortress  
  181  16:42  Liberator x2  
  181  16:43  SCV x2  
  181  16:44  SCV x4  
  193  16:54  Missile Turret  
  193  16:55  Missile Turret, SCV  
  193  16:56  Missile Turret  
  193  16:57  Orbital Command  
  193  16:59  Missile Turret x2  
  193  17:00  Missile Turret  
  194  17:09  Liberator  
  194  17:13  Missile Turret  
  194  17:14  Missile Turret  
  195  17:15  Missile Turret  
  195  17:16  Missile Turret  
  195  17:17  Viking  
  197  17:24  Orbital Command  
  197  17:28  Liberator  
  200  17:46  Terran Ship Weapons Level 3  
  200  17:54  Command Center  
  197  18:37  Command Center x2  
  197  18:42  Missile Turret x2  
  197  18:43  Missile Turret  
  189  18:58  Personal Cloaking  
  180  19:12  Liberator x2, Viking  
  180  19:13  Liberator  
  195  19:17  Hi-Sec Auto Tracking, Neosteel Armor  
  195  19:19  Ghost x2  
  195  19:23  Liberator  
  200  19:26  Planetary Fortress  
  200  19:28  Missile Turret  
  200  19:30  Refinery x2  
  198  19:50  Orbital Command x2  
  196  19:55  Missile Turret  
  183  20:15  Missile Turret, Marine x2, Ghost x2  
  183  20:16  Marauder x3, Marine x3  
  196  20:24  Nuke, Terran Vehicle And Ship Armor Level 1  
  196  20:27  Liberator  
  199  20:37  Marauder x2  
  199  20:42  Ghost  
  198  21:00  Sensor Tower, Command Center x2  
  198  21:03  Command Center  
  198  21:10  Ghost  
  198  21:11  Ghost  
  186  21:18  Ghost  
  186  21:19  Ghost  
  186  21:20  Ghost  
  186  21:24  Liberator x2  
  192  21:39  Ghost x2  
  192  21:44  Marine  
  195  21:47  Ghost  
  195  21:48  Ghost  
  195  21:49  Orbital Command  
  189  22:08  Marauder x2  
  185  22:18  Ghost x3  
  185  22:19  Marine x3  
  179  22:26  Planetary Fortress  
  179  22:27  Orbital Command  
  179  22:29  Ghost, Marine x3  
  185  22:30  Marauder  
  179  22:37  Marine  
  180  22:47  Marauder x2, Ghost  
  180  22:50  Ghost  
  187  22:58  Marauder, Marine  
  187  23:02  Marine  
  187  23:03  Marine  
  190  23:09  Marauder x2  
  179  23:15  Orbital Command  
  179  23:16  Marauder  
  179  23:19  Ghost x2  
  178  23:22  Marine x3  
  178  23:23  Marine  
  177  23:29  Ghost  
  177  23:30  Marauder, Planetary Fortress  
  177  23:32  Marine  
  177  23:33  Marine  
  180  23:38  Marauder  
  180  23:40  Marine  
  183  23:46  Marine x2  
  183  23:47  Liberator  
  190  23:48  Marauder x2  
  190  23:52  Marauder  
  192  23:56  Missile Turret  
  192  23:59  Marauder x2  
  196  24:08  Liberator  
  196  24:09  Marine  
  200  24:12  Refinery x2  
  200  24:19  Command Center  
  200  24:20  Command Center  
  171  24:54  Marine x2  
  171  24:55  Marauder x2, Marine  
  171  24:56  Marauder, Medivac x2  
  171  24:59  Marauder, Marine  
  180  25:00  Marine  
  180  25:01  Marauder, Marine  
  184  25:12  Marine x2  
  186  25:16  Marauder x2  
  186  25:17  Marauder  
  186  25:20  Marine  
  186  25:21  Marauder  
  192  25:28  Marauder, Marine  
  195  25:37  Marauder  
  197  25:43  Marine  
  197  25:44  Marauder  
  199  26:02  Liberator x2, Marine x4  
  199  26:03  Marauder x3  
  199  26:48  Orbital Command  
  197  27:06  Liberator x2  
  192  27:20  Orbital Command  
  188  27:23  Orbital Command  
  188  27:33  SCV x2  
  188  27:57  Medivac  
  190  28:00  Ghost  
  192  28:19  Orbital Command  
  192  28:22  Orbital Command  
  192  28:24  Orbital Command  
  151  28:55  Marine x2  
  140  28:56  Marauder x2  
  140  28:58  Marauder, Marine x4  
  140  28:59  Marauder x2  
  152  29:17  Marauder, Marine x2  
  152  29:18  Marauder  
  152  29:20  Marauder  
  152  29:21  Marauder x2, Marine x2  
  152  29:22  Marine x2  
  139  29:35  Marine x2  
  133  29:38  Marauder, Marine  
  133  29:39  Marauder, Marine  
  133  29:40  Orbital Command x2  
  133  29:41  Marauder, Marine  
  133  29:44  Orbital Command  
  113  29:54  SCV x4  
  110  30:06  SCV x4  
  113  30:07  SCV x2  
  114  30:18  SCV x4  
  118  30:27  Marine  
  117  30:30  Marine  
  117  30:31  Marine  
  117  30:38  Marine x2  
  117  30:39  Marine x3  
  122  30:44  Marine x3  
  122  30:45  Marine  
  126  30:52  Missile Turret  
  126  30:55  Marine x2  
  126  30:56  Marine x2  
  123  31:21  Marine x8  
  124  31:30  Marine  
  124  31:31  Marine x2  
  127  31:34  SCV x3  
  127  31:39  Marine x7  
  133  31:52  Orbital Command  

Tags
 
Add a new tag
Caveats
  • Supply blocks, unpowered buildings, or Contaminate may cause inaccurate times.
  • Supply counts are checked every 10 seconds.